 Dungeon Crawl Stone Soup version 0.24.0-1-gfbc8707122 (webtiles) character file.

Game seed: 13968108909631679393, levelgen mode: deterministic

264 redmage the Ruffian (level 5, -1/54 HPs)
             Began as a Troll Monk on Oct 29, 2019.
             Killed by nerve-wracking pain
             ... invoked by an orc priest
              (14 damage)
             ... on level 5 of the Dungeon.
             The game lasted 00:03:55 (697 turns).

redmage the Ruffian (Troll Monk)                     Turns: 697, Time: 00:03:55

Health: -1/54      AC:  6    Str: 24    XL:     5   Next: 98%
Magic:  4/4        EV: 10    Int:  6    God:
Gold:   15         SH:  0    Dex: 13    Spells: 4/4 levels left

rFire    . . .     SeeInvis .     - Unarmed
rCold    . . .     Gourm    +   (no shield)
rNeg     . . .     Faith    .   a - +0 robe
rPois    .         Spirit   .   (helmet restricted)
rElec    .         Reflect  .   (no cloak)
rCorr    .         Harm     .   (gloves unavailable)
MR       .....                  (boots unavailable)
Stlth    ++........             (no amulet)
HPRegen  0.58/turn              (no ring)
MPRegen  0.09/turn              (no ring)

@: mighty
A: large, unfitting armour, claws 3, fast metabolism 3, gourmand, regeneration
1, shaggy fur 1, tough skin 3
a: no special abilities


You were on level 5 of the Dungeon.
You were completely stuffed.

You visited 2 branches of the dungeon, and saw 6 of its levels.

You collected 15 gold pieces.

Inventory:

Armour
 a - a +0 robe (worn)
Jewellery
 e - a cursed ring of attention {unknown}
Wands
 k - a wand of polymorph (6)
Scrolls
 d - a scroll of identify
 f - a scroll of enchant armour {unknown}
 h - a scroll of fear {unknown}
 j - a scroll of amnesia {unknown}
Potions
 c - a potion of mutation
 i - a potion of brilliance {unknown}
Comestibles
 b - 4 rations


   Skills:
 + Level 3.7 Fighting
 - Level 2.4 Dodging
 - Level 1.0 Stealth
 * Level 5.7 Unarmed Combat


You had 4 spell levels left.
You didn't know any spells.
Your spell library was empty.

Dungeon Overview and Level Annotations

Branches:
Dungeon (5/15)             Temple (1/1) D:4

Altars:
Ashenzari
Elyvilon
Fedhas
Hepliaklqana
Kikubaaqudgha
Makhleb
Nemelex Xobeh
Qazlal
Ru
Trog
Vehumet
Xom
Zin
The Shining One

Shops:
D:4 [

Annotations:
D:5 Eustachio


Innate Abilities, Weirdness & Mutations

You are too large for most types of armour.
You have claws for hands.
Your metabolism is lightning-fast.
You like to eat raw meat.
Your natural rate of healing is unusually fast.
You are covered in fur. (AC +1)
You have extremely tough skin. (AC +3)


Message History

Eustachio casts a spell.
You feel very mighty all of a sudden. The giant cockroach bites you.
* * * LOW HITPOINT WARNING * * *
Eustachio casts a spell.
Eustachio blinks!
The giant cockroach closely misses you. The rat closely misses you.
Unknown command.
You scratch the bat.
You kill the bat!
The bat's corpse disappears in a puff of smoke!
The giant cockroach barely misses you.
Unknown command.
You claw the rat!
You kill the rat!
The rat's corpse disappears in a puff of smoke!
The rat bites you but does no damage.
The orc priest mumbles some strange prayers to Beogh against you.
Pain shoots through your body!
You die...

#....# #....#
#....# #....#
#....# # #....#
.#
####.@s.#..#...
##.....§@r......
#.....o##.##.##.
#.......# ...
#....o..# #..#
#.......# ....
#.)....o# ##.##
#.......# ..
#≈≈.≈≈#o# .#
#g≈.≈g#o#


You could see Eustachio, an orc priest, an orc wizard, a giant cockroach and a
rat.

Vanquished Creatures
  2 orc priests (D:4)
  A hound (D:4)
  A bullfrog skeleton (D:4)
  An iguana (D:4)
  A worker ant (D:4)
  A hound skeleton (D:4)
  4 gnolls (D:2)
  An adder (D:4)
  A shadow imp (D:4)
  A dart slug (D:1)
  6 orcs (D:4)
  A ball python (D:4)
  A bat (D:1)
  3 giant cockroaches (D:1)
  A goblin (D:2)
  3 kobolds
  2 quokkas (D:4)
  A frilled lizard (D:1)
  A quokka skeleton (D:4)
  2 rats
35 creatures vanquished.

Notes
Turn   | Place    | Note
-------+----------+-------------------------------------------
     0 | D:1      | redmage the Troll Monk began the quest for the Orb.
     0 | D:1      | Reached XP level 1. HP: 22/22 MP: 0/0
    37 | D:1      | Reached XP level 2. HP: 27/29 MP: 1/1
    98 | D:2      | Reached XP level 3. HP: 24/36 MP: 2/2
   111 | D:2      | Reached skill level 4 in Unarmed Combat
   323 | D:4      | Reached XP level 4. HP: 32/45 MP: 3/3
   451 | D:4      | Reached skill level 5 in Unarmed Combat
   451 | D:4      | Reached XP level 5. HP: 51/53 MP: 4/4
   504 | D:4      | Found a staircase to the Ecumenical Temple.
   512 | Temple   | Entered the Ecumenical Temple
   582 | D:4      | Found Peedemmyd's Antique Armour Boutique.
   598 | D:4      | Found a bloodstained altar of Trog.
   671 | D:4      | Noticed Eustachio
   690 | D:5      | Entered Level 5 of the Dungeon
   697 | D:5      | Killed from afar by an orc priest

Levels and vault maps discovered:
D:1:      dpeg_arrival_prison, layout_basic, due_unseen_surprise
D:2:      layout_basic, nicolae_dithmenos_shadow_blocks, hex_large, uniq_terence
D:3:      layout_loops_cross
D:4:      layout_loops_corners, nicolae_overflow_crystal_walls,
          marbit_many_paths, minmay_temple_entry_hall, serial_shops, shop,
          uniq_eustachio
D:5:      wander_river, layout_gridville, kennysheep_okawaru_gauntlet,
          serial_shops, nicolae_shop_stone, serial_glass, glass_columns_a,
          glass_columns_c, first_ration, minmay_misc_feat_alley,
          serial_bayou_crossing
Temple:   cyrus_circular_temple

Skill      XL: |  1  2  3  4 |
---------------+-------------+-----
Unarmed Combat | 4 5 |  5.7
Fighting       | 3 |  3.7
Dodging        | |  2.4
Stealth        | |  1.0

Action                   |  1- 3 |  4- 6 || total
-------------------------+-------+-------++-------
Melee: Unarmed           |    45 |    54 ||    99
Evoke: Wand              |       |     1 ||     1
  Use: Scroll            |       |     2 ||     2
       Potion            |       |     1 ||     1
 Stab: Sleeping          |     2 |     2 ||     4
  Eat: Chunk             |     6 |     6 ||    12
Armor: Robe              |    11 |    35 ||    46
Dodge: Dodged            |    24 |    55 ||    79
